2892 views
Uploaded 2020-02-01 12:09:05
Game version 1.32 / 1.32.1
32:10 long 4on4 ladder game on (8)NerubianPassage
Saved by BEARAND
2892 views
Uploaded 2020-02-01 12:09:05
Game version 1.32 / 1.32.1
32:10 long 4on4 ladder game on (8)NerubianPassage


179 units @ 33.3k
/ 6.3k
81 buildings @ 13.1k
/ 5.8k


| Potion of Healing | 1 | 150 |
| Potion of Mana | 1 | 200 |
| Scroll of Town Portal | 4 | 1400 |
| Scroll of Healing | 2 | 500 |
| total: | 8 | 2250g |
| Acolyte | 17 | 1275 | / | 0 |
| Ghoul | 14 | 1680 | / | 0 |
| Gargoyle | 12 | 2100 | / | 360 |
| Frost Wyrm | 7 | 2695 | / | 840 |
| Meat Wagon | 6 | 1380 | / | 300 |
| Necromancer | 5 | 725 | / | 100 |
| total: | 61 | 9855g | / | 1600w |
| Nerubian Tower | 1 | 100 | / | 20 |
| Ziggurat | 7 | 1050 | / | 350 |
| Crypt | 2 | 400 | / | 100 |
| Altar of Darkness | 1 | 180 | / | 50 |
| Graveyard | 3 | 645 | / | 0 |
| Necropolis | 2 | 450 | / | 0 |
| Tomb of Relics | 1 | 130 | / | 30 |
| Sacrificial Pit | 1 | 75 | / | 150 |
| Temple of the Damned | 3 | 465 | / | 420 |
| Slaughterhouse | 2 | 280 | / | 270 |
| Boneyard | 2 | 350 | / | 400 |
| Halls of the Dead | 1 | 320 | / | 210 |
| Black Citadel | 1 | 325 | / | 230 |
| total: | 24 | 4025g | / | 1770w |
| 0:04 | Acolyte |
| 0:04 | Acolyte |
| 0:12 | Ziggurat |
| 0:14 | Crypt |
| 0:47 | Altar of Darkness |
| 1:00 | Ziggurat |
| 1:04 | Acolyte |
| 1:17 | Ghoul |
| 1:30 | Ghoul |
| 1:43 | Crypt |
| 1:55 | Ghoul |
| 2:09 | Ghoul |
| 2:28 | Ghoul |
| 2:37 | Nerubian Tower |
| 2:52 | Vampiric Aura |
| 3:03 | Acolyte |
| 3:22 | Acolyte |
| 3:33 | Ghoul |
| 3:33 | Ghoul |
| 3:41 | Ghoul |
| 3:51 | Ghoul |
| 3:55 | Ziggurat |
| 4:23 | Halls of the Dead |
| 4:47 | Ghoul |
| 5:07 | Ghoul |
| 5:08 | Sleep |
| 5:11 | Cannibalize |
| 5:29 | Graveyard |
| 5:59 | Sleep |
| 6:24 | Ziggurat |
| 6:35 | Necropolis |
| 6:49 | Ghoul |
| 7:20 | Unholy Strength |
| 7:26 | Vampiric Aura |
| 7:34 | Acolyte |
| 7:35 | Acolyte |
| 8:23 | Acolyte |
| 8:24 | Acolyte |
| 8:26 | Black Citadel |
| 8:34 | Death Coil |
| 8:37 | Unholy Armor |
| 8:43 | Ziggurat |
| 8:45 | Ziggurat |
| 9:11 | Gargoyle |
| 9:28 | Sacrificial Pit |
| 9:48 | Gargoyle |
| 9:57 | Tomb of Relics |
| 10:09 | Acolyte |
| 10:09 | Acolyte |
| 11:07 | Gargoyle |
| 11:10 | Acolyte |
| 11:10 | Acolyte |
| 11:24 | Creature Attack |
| 11:29 | Gargoyle |
| 11:29 | Gargoyle |
| 11:33 | Boneyard |
| 11:39 | Boneyard |
| 11:45 | Scroll of Town Portal |
| 12:01 | Gargoyle |
| 12:02 | Gargoyle |
| 12:07 | Acolyte |
| 12:26 | Unholy Aura |
| 12:37 | Vampiric Aura |
| 12:50 | Gargoyle |
| 12:51 | Improved Creature Attack |
| 13:09 | Frost Wyrm |
| 13:14 | Unholy Aura |
| 13:26 | Ghoul |
| 13:33 | Frost Wyrm |
| 13:51 | Scroll of Healing |
| 14:08 | Freezing Breath |
| 14:16 | Ghoul |
| 15:14 | Frost Wyrm |
| 15:58 | Ziggurat |
| 16:16 | Gargoyle |
| 16:19 | Creature Carapace |
| 17:28 | Frost Wyrm |
| 17:35 | Graveyard |
| 17:45 | Scroll of Town Portal |
| 17:46 | Scroll of Healing |
| 17:48 | Potion of Healing |
| 17:48 | Potion of Mana |
| 18:34 | Frost Wyrm |
| 18:40 | Frost Wyrm |
| 19:17 | Frost Wyrm |
| 19:38 | Temple of the Damned |
| 21:11 | Death Coil |
| 22:13 | Slaughterhouse |
| 22:15 | Slaughterhouse |
| 22:19 | Gargoyle |
| 22:21 | Scroll of Town Portal |
| 22:23 | Scroll of Town Portal |
| 22:56 | Necromancer Adept Training |
| 23:18 | Meat Wagon |
| 23:19 | Meat Wagon |
| 23:20 | Improved Unholy Strength |
| 24:11 | Meat Wagon |
| 24:12 | Meat Wagon |
| 24:14 | Necromancer Master Training |
| 25:03 | Meat Wagon |
| 25:04 | Meat Wagon |
| 25:07 | Necromancer |
| 25:37 | Necropolis |
| 25:44 | Gargoyle |
| 25:46 | Necromancer |
| 25:51 | Temple of the Damned |
| 25:54 | Temple of the Damned |
| 26:13 | Advanced Creature Attack |
| 26:14 | Advanced Unholy Strength |
| 26:15 | Necromancer |
| 26:23 | Stone Form |
| 26:24 | Gargoyle |
| 26:28 | Exhume Corpses |
| 26:29 | Disease Cloud |
| 26:30 | Improved Unholy Armor |
| 26:35 | Graveyard |
| 27:22 | Necromancer |
| 27:23 | Necromancer |
| 27:27 | Acolyte |
| 27:27 | Acolyte |
| 27:28 | Acolyte |
| Right click | 1974 |
| Select | 801 |
| Select group | 304 |
| Build/train/purchase | 114 |
| Use ability | 51 |
| Misc. action | 35 |
| Assign group | 28 |
| Minimap ping | 27 |
| Remove unit | 5 |


| Acolyte | 9 | 675 | / | 0 |
| Ghoul | 11 | 1320 | / | 0 |
| Crypt Fiend | 12 | 2580 | / | 480 |
| Gargoyle | 9 | 1575 | / | 270 |
| Frost Wyrm | 3 | 1155 | / | 360 |
| total: | 44 | 7305g | / | 1110w |
| Spirit Tower | 3 | 435 | / | 120 |
| Ziggurat | 14 | 2100 | / | 700 |
| Graveyard | 2 | 430 | / | 0 |
| Crypt | 5 | 1000 | / | 250 |
| Altar of Darkness | 1 | 180 | / | 50 |
| Temple of the Damned | 2 | 310 | / | 280 |
| Slaughterhouse | 1 | 140 | / | 135 |
| Sacrificial Pit | 1 | 75 | / | 150 |
| Boneyard | 2 | 350 | / | 400 |
| Halls of the Dead | 1 | 320 | / | 210 |
| Black Citadel | 1 | 325 | / | 230 |
| total: | 28 | 4585g | / | 1965w |
| 0:12 | Ziggurat |
| 0:15 | Ziggurat |
| 0:19 | Ziggurat |
| 0:22 | Acolyte |
| 0:31 | Acolyte |
| 1:05 | Graveyard |
| 1:29 | Crypt |
| 1:36 | Crypt |
| 1:46 | Crypt |
| 2:30 | Altar of Darkness |
| 2:54 | Ghoul |
| 2:54 | Ghoul |
| 2:57 | Ghoul |
| 3:42 | Cannibalize |
| 3:46 | Crypt Fiend |
| 4:15 | Crypt Fiend |
| 4:40 | Halls of the Dead |
| 4:47 | Frost Nova |
| 5:53 | Crypt Fiend |
| 5:54 | Crypt Fiend |
| 6:05 | Ghoul |
| 6:07 | Ghoul |
| 6:09 | Creature Carapace |
| 7:24 | Dark Ritual |
| 7:54 | Spirit Tower |
| 7:55 | Spirit Tower |
| 7:57 | Spirit Tower |
| 8:04 | Ghoul |
| 8:04 | Ghoul |
| 8:05 | Ghoul |
| 8:14 | Burrow |
| 8:14 | Web |
| 8:50 | Frost Armor |
| 9:14 | Temple of the Damned |
| 9:20 | Ziggurat |
| 9:22 | Ziggurat |
| 9:24 | Ziggurat |
| 9:25 | Ziggurat |
| 10:44 | Gargoyle |
| 10:52 | Gargoyle |
| 11:33 | Black Citadel |
| 12:01 | Impale |
| 13:00 | Graveyard |
| 13:04 | Ghoul |
| 13:05 | Ghoul |
| 14:47 | Frost Nova |
| 16:00 | Acolyte |
| 16:01 | Acolyte |
| 16:01 | Acolyte |
| 16:01 | Acolyte |
| 16:04 | Acolyte |
| 16:04 | Acolyte |
| 16:36 | Stone Form |
| 16:38 | Crypt Fiend |
| 16:38 | Crypt Fiend |
| 16:39 | Crypt Fiend |
| 16:42 | Ghoul Frenzy |
| 16:57 | Creature Attack |
| 17:11 | Temple of the Damned |
| 19:55 | Gargoyle |
| 19:56 | Gargoyle |
| 20:12 | Slaughterhouse |
| 20:20 | Sacrificial Pit |
| 20:33 | Carrion Beetles |
| 21:07 | Crypt Fiend |
| 21:07 | Crypt Fiend |
| 21:08 | Crypt Fiend |
| 21:08 | Crypt Fiend |
| 23:06 | Acolyte |
| 23:17 | Crypt |
| 23:19 | Crypt |
| 23:38 | Gargoyle |
| 23:38 | Gargoyle |
| 23:39 | Gargoyle |
| 23:39 | Gargoyle |
| 23:39 | Gargoyle |
| 23:52 | Boneyard |
| 23:54 | Boneyard |
| 24:23 | Ziggurat |
| 24:28 | Ziggurat |
| 24:30 | Ziggurat |
| 24:34 | Ziggurat |
| 24:36 | Ziggurat |
| 25:15 | Crypt Fiend |
| 25:16 | Ghoul |
| 26:25 | Improved Creature Carapace |
| 26:26 | Unholy Strength |
| 26:50 | Ziggurat |
| 26:51 | Ziggurat |
| 27:30 | Freezing Breath |
| 27:36 | Improved Creature Attack |
| 27:38 | Unholy Armor |
| 29:54 | Frost Wyrm |
| 29:55 | Frost Wyrm |
| 29:57 | Frost Wyrm |
| Right click | 340 |
| Select | 299 |
| Build/train/purchase | 88 |
| Misc. action | 64 |
| Use ability | 21 |
| Select group | 12 |
| Resource trade | 10 |
| Remove unit | 5 |
| Assign group | 4 |
| Esc | 1 |

| Rod of Necromancy | 1 | 150 |
| total: | 1 | 150g |
| Acolyte | 3 | 225 | / | 0 |
| Ghoul | 2 | 240 | / | 0 |
| Crypt Fiend | 13 | 2795 | / | 520 |
| Frost Wyrm | 8 | 3080 | / | 960 |
| Abomination | 7 | 1680 | / | 490 |
| total: | 33 | 8020g | / | 1970w |
| Nerubian Tower | 1 | 100 | / | 20 |
| Crypt | 1 | 200 | / | 50 |
| Ziggurat | 7 | 1050 | / | 350 |
| Graveyard | 1 | 215 | / | 0 |
| Altar of Darkness | 1 | 180 | / | 50 |
| Tomb of Relics | 1 | 130 | / | 30 |
| Sacrificial Pit | 1 | 75 | / | 150 |
| Slaughterhouse | 2 | 280 | / | 270 |
| Boneyard | 2 | 350 | / | 400 |
| Halls of the Dead | 1 | 320 | / | 210 |
| Black Citadel | 1 | 325 | / | 230 |
| total: | 16 | 2480g | / | 1300w |
| 0:05 | Acolyte |
| 0:05 | Acolyte |
| 0:10 | Crypt |
| 0:12 | Ziggurat |
| 0:39 | Graveyard |
| 1:08 | Altar of Darkness |
| 1:11 | Ghoul |
| 1:31 | Ghoul |
| 2:00 | Ziggurat |
| 2:03 | Crypt Fiend |
| 2:29 | Tomb of Relics |
| 2:53 | Crypt Fiend |
| 2:58 | Nerubian Tower |
| 3:23 | Death Coil |
| 3:26 | Crypt Fiend |
| 3:35 | Rod of Necromancy |
| 4:14 | Halls of the Dead |
| 4:16 | Crypt Fiend |
| 4:37 | Unholy Aura |
| 5:14 | Ziggurat |
| 5:29 | Creature Attack |
| 5:34 | Ziggurat |
| 6:09 | Crypt Fiend |
| 6:40 | Black Citadel |
| 6:44 | Sacrificial Pit |
| 7:02 | Death Coil |
| 7:10 | Web |
| 7:41 | Ziggurat |
| 9:07 | Boneyard |
| 9:29 | Unholy Aura |
| 10:09 | Boneyard |
| 10:18 | Ziggurat |
| 10:40 | Frost Wyrm |
| 11:19 | Creature Carapace |
| 11:41 | Frost Wyrm |
| 12:08 | Frost Wyrm |
| 13:06 | Frost Wyrm |
| 13:14 | Death Coil |
| 13:50 | Crypt Fiend |
| 13:53 | Frost Wyrm |
| 13:56 | Improved Creature Attack |
| 14:27 | Ziggurat |
| 16:07 | Freezing Breath |
| 16:42 | Frost Wyrm |
| 18:10 | Improved Creature Carapace |
| 18:39 | Crypt Fiend |
| 19:18 | Frost Wyrm |
| 21:29 | Crypt Fiend |
| 21:32 | Frost Wyrm |
| 22:56 | Crypt Fiend |
| 22:57 | Crypt Fiend |
| 22:57 | Crypt Fiend |
| 23:14 | Acolyte |
| 25:05 | Slaughterhouse |
| 25:54 | Unholy Strength |
| 26:00 | Slaughterhouse |
| 26:15 | Abomination |
| 26:19 | Crypt Fiend |
| 26:50 | Unholy Armor |
| 26:52 | Abomination |
| 27:02 | Improved Unholy Strength |
| 27:06 | Crypt Fiend |
| 27:08 | Abomination |
| 27:08 | Abomination |
| 27:44 | Abomination |
| 27:50 | Abomination |
| 30:31 | Abomination |
| 31:36 | Disease Cloud |
| 31:39 | Improved Unholy Armor |
| Right click | 1239 |
| Select | 275 |
| Select group | 200 |
| Build/train/purchase | 64 |
| Assign group | 32 |
| Use ability | 30 |
| Minimap ping | 3 |
| Item give/drop | 1 |


| Rod of Necromancy | 2 | 300 |
| Orb of Corruption | 1 | 375 |
| Dust of Appearance | 1 | 75 |
| Scroll of Town Portal | 1 | 350 |
| Potion of Lesser Invulnerability | 1 | 150 |
| total: | 6 | 1250g |
| Acolyte | 5 | 375 | / | 0 |
| Ghoul | 3 | 360 | / | 0 |
| Crypt Fiend | 15 | 3225 | / | 600 |
| Obsidian Statue | 3 | 600 | / | 105 |
| Abomination | 8 | 1920 | / | 560 |
| Meat Wagon | 7 | 1610 | / | 350 |
| total: | 41 | 8090g | / | 1615w |
| Nerubian Tower | 5 | 500 | / | 100 |
| Altar of Darkness | 1 | 180 | / | 50 |
| Crypt | 1 | 200 | / | 50 |
| Ziggurat | 7 | 1050 | / | 350 |
| Tomb of Relics | 1 | 130 | / | 30 |
| Graveyard | 1 | 215 | / | 0 |
| Slaughterhouse | 1 | 140 | / | 135 |
| Sacrificial Pit | 1 | 75 | / | 150 |
| Halls of the Dead | 1 | 320 | / | 210 |
| Black Citadel | 1 | 325 | / | 230 |
| total: | 13 | 1990g | / | 765w |
| 0:06 | Altar of Darkness |
| 0:08 | Crypt |
| 0:12 | Ziggurat |
| 0:24 | Acolyte |
| 0:36 | Acolyte |
| 0:55 | Tomb of Relics |
| 1:18 | Graveyard |
| 1:30 | Ghoul |
| 1:42 | Ghoul |
| 2:05 | Rod of Necromancy |
| 2:07 | Death Coil |
| 2:13 | Ziggurat |
| 3:00 | Nerubian Tower |
| 3:22 | Acolyte |
| 3:26 | Cannibalize |
| 3:33 | Nerubian Tower |
| 3:35 | Dust of Appearance |
| 3:50 | Halls of the Dead |
| 4:02 | Crypt Fiend |
| 4:22 | Crypt Fiend |
| 4:44 | Ziggurat |
| 4:49 | Unholy Aura |
| 5:09 | Crypt Fiend |
| 5:35 | Rod of Necromancy |
| 5:39 | Crypt Fiend |
| 6:37 | Slaughterhouse |
| 6:41 | Nerubian Tower |
| 6:45 | Death Coil |
| 6:48 | Burrow |
| 7:21 | Frost Nova |
| 7:42 | Crypt Fiend |
| 7:56 | Black Citadel |
| 8:01 | Obsidian Statue |
| 8:21 | Ziggurat |
| 8:31 | Ghoul |
| 8:33 | Web |
| 8:57 | Creature Attack |
| 9:13 | Crypt Fiend |
| 9:30 | Creature Carapace |
| 9:33 | Frost Armor |
| 9:42 | Ziggurat |
| 10:18 | Obsidian Statue |
| 10:37 | Sacrificial Pit |
| 10:42 | Backpack |
| 10:44 | Crypt Fiend |
| 10:55 | Potion of Lesser Invulnerability |
| 11:00 | Death Pact |
| 11:13 | Improved Creature Attack |
| 11:24 | Orb of Corruption |
| 11:48 | Frost Nova |
| 11:54 | Crypt Fiend |
| 12:41 | Crypt Fiend |
| 12:55 | Crypt Fiend |
| 13:04 | Obsidian Statue |
| 13:42 | Advanced Creature Attack |
| 13:50 | Abomination |
| 13:59 | Ziggurat |
| 14:58 | Abomination |
| 15:52 | Crypt Fiend |
| 16:13 | Meat Wagon |
| 16:24 | Ziggurat |
| 16:35 | Improved Creature Carapace |
| 17:15 | Meat Wagon |
| 18:01 | Meat Wagon |
| 18:43 | Meat Wagon |
| 18:43 | Meat Wagon |
| 20:50 | Advanced Creature Carapace |
| 21:52 | Frost Armor |
| 22:42 | Crypt Fiend |
| 22:42 | Abomination |
| 23:13 | Meat Wagon |
| 23:21 | Nerubian Tower |
| 23:26 | Acolyte |
| 23:26 | Acolyte |
| 23:44 | Scroll of Town Portal |
| 23:56 | Meat Wagon |
| 23:58 | Crypt Fiend |
| 24:33 | Death Coil |
| 24:41 | Abomination |
| 24:42 | Crypt Fiend |
| 24:53 | Unholy Armor |
| 24:58 | Abomination |
| 25:31 | Nerubian Tower |
| 25:38 | Abomination |
| 26:24 | Abomination |
| 26:26 | Crypt Fiend |
| 26:53 | Abomination |
| 27:11 | Unholy Strength |
| Right click | 1442 |
| Select | 780 |
| Select group | 333 |
| Misc. action | 153 |
| Build/train/purchase | 111 |
| Chat | 86 |
| Use ability | 43 |
| Assign group | 10 |
| Remove unit | 6 |
| Resource trade | 5 |
| Item give/drop | 4 |
| Minimap ping | 1 |
119 units @ 11.9k
/ 0.9k
415 buildings @ 23.1k
/ 13.1k



| Staff of Sanctuary | 3 | 750 |
| Orb of Fire | 1 | 325 |
| Staff of Teleportation | 3 | 450 |
| Boots of Speed | 3 | 750 |
| Orb of Lightning | 1 | 375 |
| Runed Bracers | 2 | 800 |
| Scourge Bone Chimes | 1 | 400 |
| total: | 14 | 3850g |
| Peasant | 33 | 2475 | / | 0 |
| total: | 33 | 2475g | / | 0w |
| Scout Tower | 94 | 2820 | / | 1880 |
| Guard Tower | 27 | 1890 | / | 1350 |
| Altar of Kings | 1 | 180 | / | 50 |
| Farm | 4 | 320 | / | 80 |
| Lumber Mill | 1 | 120 | / | 0 |
| Town Hall | 4 | 1540 | / | 820 |
| Arcane Vault | 3 | 390 | / | 90 |
| Arcane Sanctum | 1 | 150 | / | 140 |
| Keep | 1 | 320 | / | 210 |
| Castle | 1 | 360 | / | 210 |
| total: | 108 | 5520g | / | 3060w |
| 0:00 | Peasant |
| 0:05 | Altar of Kings |
| 0:12 | Peasant |
| 0:17 | Farm |
| 0:23 | Peasant |
| 0:39 | Peasant |
| 0:47 | Lumber Mill |
| 0:48 | Peasant |
| 0:56 | Farm |
| 0:58 | Peasant |
| 1:17 | Peasant |
| 1:36 | Scout Tower |
| 1:38 | Scout Tower |
| 1:39 | Peasant |
| 1:43 | Peasant |
| 1:50 | Improved Masonry |
| 1:51 | Peasant |
| 2:02 | Guard Tower |
| 2:14 | Peasant |
| 2:14 | Guard Tower |
| 2:23 | Summon Water Elemental |
| 3:22 | Peasant |
| 3:22 | Peasant |
| 3:51 | Peasant |
| 3:53 | Peasant |
| 4:16 | Farm |
| 4:20 | Peasant |
| 4:41 | Keep |
| 5:49 | Town Hall |
| 6:02 | Scout Tower |
| 6:03 | Scout Tower |
| 6:04 | Brilliance Aura |
| 6:07 | Scout Tower |
| 6:09 | Farm |
| 6:25 | Scout Tower |
| 6:26 | Scout Tower |
| 6:26 | Scout Tower |
| 6:49 | Guard Tower |
| 6:58 | Guard Tower |
| 7:00 | Guard Tower |
| 7:12 | Peasant |
| 7:12 | Advanced Masonry |
| 7:13 | Improved Lumber Harvesting |
| 7:14 | Peasant |
| 7:15 | Peasant |
| 7:18 | Guard Tower |
| 7:19 | Scout Tower |
| 7:20 | Scout Tower |
| 7:27 | Scout Tower |
| 7:30 | Scout Tower |
| 7:31 | Scout Tower |
| 7:31 | Scout Tower |
| 7:32 | Scout Tower |
| 7:32 | Scout Tower |
| 7:33 | Scout Tower |
| 7:42 | Peasant |
| 7:42 | Peasant |
| 7:44 | Peasant |
| 7:44 | Peasant |
| 7:50 | Guard Tower |
| 8:13 | Summon Water Elemental |
| 8:16 | Storm Bolt |
| 8:19 | Castle |
| 8:34 | Staff of Teleportation |
| 8:35 | Boots of Speed |
| 9:23 | Arcane Sanctum |
| 9:25 | Guard Tower |
| 9:29 | Peasant |
| 9:30 | Peasant |
| 9:51 | Guard Tower |
| 10:08 | Staff of Teleportation |
| 10:09 | Boots of Speed |
| 10:36 | Scout Tower |
| 10:37 | Scout Tower |
| 10:37 | Scout Tower |
| 10:38 | Scout Tower |
| 10:38 | Scout Tower |
| 10:39 | Scout Tower |
| 11:16 | Imbued Masonry |
| 11:16 | Advanced Lumber Harvesting |
| 11:18 | Guard Tower |
| 11:22 | Scout Tower |
| 11:22 | Scout Tower |
| 11:23 | Scout Tower |
| 11:24 | Scout Tower |
| 11:25 | Scout Tower |
| 11:25 | Scout Tower |
| 11:29 | Peasant |
| 11:31 | Peasant |
| 11:33 | Magic Sentry |
| 11:34 | Scout Tower |
| 11:35 | Scout Tower |
| 11:41 | Scout Tower |
| 11:42 | Scout Tower |
| 11:42 | Scout Tower |
| 11:43 | Scout Tower |
| 11:44 | Scout Tower |
| 11:45 | Scout Tower |
| 11:49 | Scout Tower |
| 11:51 | Scout Tower |
| 12:04 | Guard Tower |
| 12:06 | Guard Tower |
| 12:07 | Holy Light |
| 12:30 | Bash |
| 13:34 | Guard Tower |
| 13:37 | Guard Tower |
| 13:52 | Arcane Vault |
| 13:53 | Arcane Vault |
| 13:55 | Arcane Vault |
| 14:26 | Guard Tower |
| 14:32 | Scout Tower |
| 14:32 | Scout Tower |
| 14:33 | Scout Tower |
| 14:33 | Scout Tower |
| 14:34 | Scout Tower |
| 15:15 | Guard Tower |
| 15:52 | Scout Tower |
| 15:53 | Scout Tower |
| 15:54 | Scout Tower |
| 16:00 | Staff of Sanctuary |
| 16:04 | Staff of Sanctuary |
| 16:07 | Orb of Fire |
| 16:23 | Orb of Lightning |
| 17:32 | Scout Tower |
| 17:32 | Scout Tower |
| 18:03 | Divine Shield |
| 18:23 | Town Hall |
| 18:50 | Staff of Teleportation |
| 18:51 | Boots of Speed |
| 18:53 | Guard Tower |
| 19:08 | Guard Tower |
| 19:11 | Scout Tower |
| 19:11 | Scout Tower |
| 19:12 | Scout Tower |
| 19:12 | Scout Tower |
| 19:12 | Scout Tower |
| 19:34 | Runed Bracers |
| 19:41 | Scourge Bone Chimes |
| 20:03 | Scout Tower |
| 20:04 | Scout Tower |
| 20:04 | Scout Tower |
| 20:23 | Scout Tower |
| 20:24 | Scout Tower |
| 20:24 | Scout Tower |
| 21:10 | Storm Bolt |
| 21:45 | Guard Tower |
| 21:47 | Scout Tower |
| 21:48 | Scout Tower |
| 21:48 | Scout Tower |
| 21:48 | Scout Tower |
| 21:49 | Scout Tower |
| 21:49 | Scout Tower |
| 21:59 | Brilliance Aura |
| 22:06 | Staff of Sanctuary |
| 22:38 | Guard Tower |
| 22:41 | Scout Tower |
| 22:41 | Scout Tower |
| 22:42 | Scout Tower |
| 22:42 | Scout Tower |
| 22:43 | Scout Tower |
| 23:30 | Guard Tower |
| 23:33 | Town Hall |
| 23:51 | Scout Tower |
| 23:51 | Scout Tower |
| 23:52 | Scout Tower |
| 23:53 | Scout Tower |
| 23:53 | Scout Tower |
| 23:54 | Guard Tower |
| 24:17 | Peasant |
| 24:17 | Peasant |
| 25:16 | Guard Tower |
| 25:18 | Scout Tower |
| 25:18 | Scout Tower |
| 25:18 | Scout Tower |
| 25:19 | Scout Tower |
| 25:19 | Scout Tower |
| 25:25 | Holy Light |
| 25:52 | Runed Bracers |
| 26:18 | Guard Tower |
| 26:19 | Scout Tower |
| 26:19 | Scout Tower |
| 26:20 | Scout Tower |
| 26:21 | Scout Tower |
| 26:21 | Scout Tower |
| 26:39 | Guard Tower |
| 27:06 | Town Hall |
| 27:22 | Guard Tower |
| 27:23 | Scout Tower |
| 27:24 | Scout Tower |
| 27:25 | Scout Tower |
| 27:25 | Scout Tower |
| 27:42 | Peasant |
| 27:42 | Peasant |
| 27:42 | Peasant |
| 27:43 | Peasant |
| 28:33 | Bash |
| 30:43 | Summon Water Elemental |
| 30:49 | Guard Tower |
| 31:02 | Scout Tower |
| 31:02 | Scout Tower |
| 31:03 | Scout Tower |
| 31:03 | Scout Tower |
| 31:05 | Divine Shield |
| Right click | 1950 |
| Select | 1257 |
| Select group | 427 |
| Assign group | 222 |
| Build/train/purchase | 176 |
| Use ability | 65 |
| Misc. action | 35 |
| Minimap ping | 11 |
| Resource trade | 6 |
| Item give/drop | 4 |
IcebergSlim
(32:08) : 

| Healing Salve | 2 | 200 |
| Orb of Lightning | 1 | 375 |
| Boots of Speed | 2 | 500 |
| Staff of Teleportation | 2 | 300 |
| Staff of Sanctuary | 2 | 500 |
| Orb of Fire | 1 | 325 |
| Sobi Mask | 1 | 400 |
| total: | 11 | 2600g |
| Peon | 13 | 975 | / | 0 |
| Troll Batrider | 5 | 800 | / | 200 |
| total: | 18 | 1775g | / | 200w |
| Watch Tower | 30 | 3300 | / | 2400 |
| Altar of Storms | 1 | 180 | / | 50 |
| Orc Burrow | 4 | 640 | / | 160 |
| War Mill | 1 | 205 | / | 0 |
| Voodoo Lounge | 4 | 520 | / | 120 |
| Beastiary | 5 | 725 | / | 700 |
| Stronghold | 1 | 315 | / | 190 |
| Fortress | 1 | 325 | / | 190 |
| total: | 45 | 5570g | / | 3430w |
| 0:02 | Peon |
| 0:02 | Peon |
| 0:05 | Altar of Storms |
| 0:17 | Orc Burrow |
| 0:24 | Peon |
| 0:40 | Peon |
| 0:48 | War Mill |
| 0:56 | Peon |
| 1:06 | Voodoo Lounge |
| 1:13 | Peon |
| 1:19 | Peon |
| 1:46 | Orc Burrow |
| 1:53 | Peon |
| 2:03 | Watch Tower |
| 2:15 | Wind Walk |
| 2:20 | Peon |
| 2:25 | Watch Tower |
| 2:28 | Peon |
| 2:43 | Peon |
| 2:43 | Peon |
| 3:13 | Peon |
| 3:16 | Watch Tower |
| 3:41 | Boots of Speed |
| 3:42 | Staff of Teleportation |
| 3:51 | Stronghold |
| 4:08 | Watch Tower |
| 4:15 | Voodoo Lounge |
| 4:22 | Healing Salve |
| 4:37 | Watch Tower |
| 5:09 | Watch Tower |
| 5:13 | Orc Burrow |
| 5:26 | Watch Tower |
| 5:41 | Watch Tower |
| 6:05 | Watch Tower |
| 6:36 | Voodoo Lounge |
| 7:12 | Hex |
| 7:22 | Reinforced Defenses |
| 7:25 | Watch Tower |
| 7:28 | Watch Tower |
| 7:30 | Fortress |
| 8:12 | Critical Strike |
| 8:18 | Voodoo Lounge |
| 8:30 | Orc Burrow |
| 8:44 | Boots of Speed |
| 9:16 | Spiked Barricades |
| 9:26 | Watch Tower |
| 9:28 | Watch Tower |
| 10:15 | Healing Wave |
| 11:20 | Watch Tower |
| 11:21 | Watch Tower |
| 11:24 | Improved Spiked Barricades |
| 11:32 | Orb of Lightning |
| 11:34 | Healing Salve |
| 11:42 | Watch Tower |
| 11:45 | Watch Tower |
| 11:48 | Watch Tower |
| 12:16 | Watch Tower |
| 12:53 | Beastiary |
| 12:54 | Beastiary |
| 13:04 | Sobi Mask |
| 13:41 | Watch Tower |
| 13:44 | Watch Tower |
| 13:55 | Beastiary |
| 13:56 | Beastiary |
| 13:58 | Liquid Fire |
| 14:38 | Beastiary |
| 14:49 | Wind Walk |
| 15:30 | Watch Tower |
| 15:32 | Watch Tower |
| 15:33 | Watch Tower |
| 15:46 | Troll Batrider |
| 15:58 | Watch Tower |
| 15:59 | Watch Tower |
| 15:59 | Watch Tower |
| 16:42 | Troll Batrider |
| 16:53 | Staff of Sanctuary |
| 17:42 | Troll Batrider |
| 19:42 | Watch Tower |
| 19:43 | Watch Tower |
| 19:50 | Troll Batrider |
| 21:40 | Watch Tower |
| 21:42 | Troll Batrider |
| 22:46 | Healing Wave |
| 23:30 | Critical Strike |
| 24:13 | Staff of Teleportation |
| 27:44 | Staff of Sanctuary |
| 27:47 | Orb of Fire |
| 29:01 | Hex |
| 30:57 | Wind Walk |
| Right click | 2237 |
| Select group | 523 |
| Select | 491 |
| Misc. action | 230 |
| Use ability | 102 |
| Chat | 85 |
| Build/train/purchase | 80 |
| Assign group | 8 |
| Resource trade | 8 |
| Item give/drop | 5 |
| Esc | 1 |
| Minimap ping | 1 |
⇛
TIMG4STRok
(32:08) : 


| Staff of Sanctuary | 3 | 750 |
| Orb of Fire | 2 | 650 |
| Staff of Teleportation | 3 | 450 |
| Boots of Speed | 3 | 750 |
| Circlet of Nobility | 4 | 700 |
| Periapt of Vitality | 2 | 650 |
| Orb of Lightning | 1 | 375 |
| Medallion of Courage | 1 | 500 |
| total: | 19 | 4825g |
| Peasant | 22 | 1650 | / | 0 |
| Dragonhawk Rider | 12 | 2400 | / | 360 |
| Priest | 1 | 135 | / | 10 |
| total: | 35 | 4185g | / | 370w |
| Scout Tower | 112 | 3360 | / | 2240 |
| Arcane Tower | 5 | 350 | / | 250 |
| Guard Tower | 43 | 3010 | / | 2150 |
| Altar of Kings | 1 | 180 | / | 50 |
| Farm | 15 | 1200 | / | 300 |
| Lumber Mill | 1 | 120 | / | 0 |
| Town Hall | 1 | 385 | / | 205 |
| Arcane Vault | 3 | 390 | / | 90 |
| Barracks | 2 | 320 | / | 120 |
| Blacksmith | 1 | 140 | / | 60 |
| Arcane Sanctum | 1 | 150 | / | 140 |
| Gryphon Aviary | 1 | 140 | / | 150 |
| Keep | 2 | 640 | / | 420 |
| Castle | 1 | 360 | / | 210 |
| total: | 138 | 6385g | / | 3355w |
| 0:02 | Peasant |
| 0:03 | Peasant |
| 0:05 | Altar of Kings |
| 0:17 | Farm |
| 0:23 | Peasant |
| 0:26 | Peasant |
| 0:36 | Lumber Mill |
| 0:43 | Peasant |
| 0:54 | Scout Tower |
| 0:58 | Peasant |
| 1:10 | Farm |
| 1:15 | Peasant |
| 1:22 | Arcane Tower |
| 1:28 | Peasant |
| 1:41 | Scout Tower |
| 1:51 | Farm |
| 1:54 | Peasant |
| 1:58 | Peasant |
| 2:04 | Blizzard |
| 2:10 | Guard Tower |
| 2:11 | Scout Tower |
| 2:18 | Peasant |
| 2:58 | Peasant |
| 3:11 | Guard Tower |
| 3:12 | Scout Tower |
| 3:12 | Scout Tower |
| 3:42 | Peasant |
| 3:43 | Peasant |
| 4:07 | Guard Tower |
| 4:12 | Town Hall |
| 4:19 | Scout Tower |
| 4:20 | Scout Tower |
| 4:22 | Scout Tower |
| 4:23 | Scout Tower |
| 4:29 | Peasant |
| 4:29 | Peasant |
| 4:49 | Arcane Tower |
| 4:50 | Arcane Tower |
| 4:52 | Guard Tower |
| 4:53 | Guard Tower |
| 4:56 | Scout Tower |
| 4:57 | Scout Tower |
| 4:58 | Scout Tower |
| 4:58 | Scout Tower |
| 5:03 | Peasant |
| 5:11 | Improved Masonry |
| 5:36 | Brilliance Aura |
| 5:45 | Guard Tower |
| 5:45 | Peasant |
| 5:46 | Peasant |
| 5:52 | Peasant |
| 6:08 | Keep |
| 6:15 | Scout Tower |
| 6:16 | Scout Tower |
| 6:20 | Scout Tower |
| 6:39 | Guard Tower |
| 6:41 | Peasant |
| 6:42 | Scout Tower |
| 6:44 | Scout Tower |
| 6:51 | Arcane Tower |
| 7:15 | Guard Tower |
| 7:17 | Arcane Vault |
| 7:25 | Guard Tower |
| 7:28 | Peasant |
| 7:33 | Farm |
| 7:34 | Farm |
| 7:40 | Farm |
| 7:44 | Farm |
| 8:03 | Guard Tower |
| 8:06 | Scout Tower |
| 8:06 | Scout Tower |
| 8:08 | Scout Tower |
| 8:09 | Scout Tower |
| 8:31 | Staff of Teleportation |
| 8:31 | Boots of Speed |
| 8:32 | Circlet of Nobility |
| 8:44 | Castle |
| 8:47 | Improved Lumber Harvesting |
| 8:49 | Arcane Sanctum |
| 9:00 | Blizzard |
| 9:10 | Circlet of Nobility |
| 9:11 | Periapt of Vitality |
| 9:18 | Scout Tower |
| 9:19 | Scout Tower |
| 9:20 | Scout Tower |
| 9:21 | Scout Tower |
| 9:21 | Scout Tower |
| 9:22 | Scout Tower |
| 9:22 | Scout Tower |
| 9:23 | Scout Tower |
| 9:26 | Guard Tower |
| 9:29 | Scout Tower |
| 9:29 | Scout Tower |
| 9:31 | Scout Tower |
| 9:31 | Scout Tower |
| 9:41 | Storm Bolt |
| 9:51 | Scout Tower |
| 9:51 | Scout Tower |
| 9:52 | Scout Tower |
| 9:53 | Scout Tower |
| 10:29 | Arcane Vault |
| 10:30 | Arcane Vault |
| 10:32 | Guard Tower |
| 10:33 | Magic Sentry |
| 11:11 | Guard Tower |
| 11:21 | Advanced Lumber Harvesting |
| 11:37 | Guard Tower |
| 11:47 | Guard Tower |
| 11:54 | Scout Tower |
| 11:54 | Guard Tower |
| 12:00 | Scout Tower |
| 12:01 | Scout Tower |
| 12:01 | Scout Tower |
| 12:08 | Barracks |
| 12:12 | Blacksmith |
| 12:17 | Barracks |
| 12:27 | Gryphon Aviary |
| 12:31 | Guard Tower |
| 12:58 | Staff of Sanctuary |
| 13:00 | Advanced Masonry |
| 13:37 | Orb of Fire |
| 13:37 | Staff of Sanctuary |
| 13:45 | Scout Tower |
| 13:46 | Scout Tower |
| 13:46 | Scout Tower |
| 13:47 | Scout Tower |
| 13:47 | Scout Tower |
| 13:48 | Scout Tower |
| 13:50 | Animal War Training |
| 13:55 | Dragonhawk Rider |
| 13:55 | Dragonhawk Rider |
| 13:55 | Dragonhawk Rider |
| 13:56 | Studded Leather Armor |
| 14:07 | Priest Adept Training |
| 14:08 | Priest |
| 14:11 | Priest Master Training |
| 14:16 | Guard Tower |
| 14:21 | Scout Tower |
| 14:31 | Holy Light |
| 14:37 | Staff of Sanctuary |
| 14:38 | Orb of Fire |
| 14:56 | Guard Tower |
| 15:07 | Staff of Teleportation |
| 15:07 | Boots of Speed |
| 15:12 | Circlet of Nobility |
| 15:12 | Periapt of Vitality |
| 16:00 | Guard Tower |
| 16:02 | Guard Tower |
| 16:05 | Scout Tower |
| 16:06 | Scout Tower |
| 16:06 | Scout Tower |
| 16:07 | Scout Tower |
| 16:07 | Scout Tower |
| 16:08 | Scout Tower |
| 16:10 | Scout Tower |
| 16:10 | Scout Tower |
| 16:11 | Scout Tower |
| 16:12 | Scout Tower |
| 16:15 | Scout Tower |
| 16:16 | Scout Tower |
| 16:16 | Scout Tower |
| 16:17 | Scout Tower |
| 16:18 | Scout Tower |
| 16:18 | Scout Tower |
| 16:23 | Scout Tower |
| 16:24 | Scout Tower |
| 16:24 | Scout Tower |
| 16:25 | Scout Tower |
| 16:25 | Scout Tower |
| 16:26 | Scout Tower |
| 16:27 | Guard Tower |
| 16:29 | Scout Tower |
| 16:30 | Scout Tower |
| 16:31 | Scout Tower |
| 16:39 | Orb of Lightning |
| 16:50 | Guard Tower |
| 16:52 | Guard Tower |
| 16:58 | Circlet of Nobility |
| 16:58 | Boots of Speed |
| 17:05 | Staff of Teleportation |
| 17:32 | Guard Tower |
| 17:37 | Guard Tower |
| 18:14 | Guard Tower |
| 18:18 | Guard Tower |
| 18:20 | Guard Tower |
| 18:29 | Guard Tower |
| 19:10 | Divine Shield |
| 19:35 | Bash |
| 19:48 | Guard Tower |
| 19:50 | Guard Tower |
| 20:18 | Scout Tower |
| 20:20 | Scout Tower |
| 20:20 | Scout Tower |
| 20:21 | Scout Tower |
| 20:22 | Scout Tower |
| 20:22 | Scout Tower |
| 20:25 | Scout Tower |
| 20:26 | Scout Tower |
| 20:26 | Scout Tower |
| 20:27 | Scout Tower |
| 20:27 | Scout Tower |
| 20:28 | Scout Tower |
| 20:31 | Scout Tower |
| 20:32 | Scout Tower |
| 20:33 | Scout Tower |
| 20:33 | Scout Tower |
| 20:34 | Scout Tower |
| 21:21 | Brilliance Aura |
| 21:42 | Guard Tower |
| 21:47 | Scout Tower |
| 21:47 | Scout Tower |
| 21:49 | Scout Tower |
| 21:49 | Scout Tower |
| 21:50 | Scout Tower |
| 21:51 | Scout Tower |
| 22:17 | Guard Tower |
| 22:43 | Storm Bolt |
| 23:13 | Guard Tower |
| 23:17 | Guard Tower |
| 23:33 | Arcane Tower |
| 24:01 | Medallion of Courage |
| 24:24 | Guard Tower |
| 24:26 | Scout Tower |
| 25:02 | Guard Tower |
| 25:04 | Scout Tower |
| 25:05 | Scout Tower |
| 25:06 | Scout Tower |
| 25:33 | Scout Tower |
| 25:33 | Scout Tower |
| 25:35 | Scout Tower |
| 25:35 | Scout Tower |
| 25:36 | Scout Tower |
| 25:37 | Scout Tower |
| 25:50 | Reinforced Leather Armor |
| 25:51 | Imbued Masonry |
| 26:33 | Guard Tower |
| 26:35 | Scout Tower |
| 26:37 | Scout Tower |
| 26:38 | Scout Tower |
| 26:38 | Scout Tower |
| 26:40 | Scout Tower |
| 26:50 | Holy Light |
| 27:10 | Guard Tower |
| 27:15 | Farm |
| 27:16 | Farm |
| 27:17 | Farm |
| 27:17 | Farm |
| 27:18 | Farm |
| 27:19 | Farm |
| 27:20 | Farm |
| 27:44 | Dragonhawk Rider |
| 27:44 | Dragonhawk Rider |
| 27:44 | Dragonhawk Rider |
| 29:38 | Guard Tower |
| 29:49 | Bash |
| 30:01 | Brilliance Aura |
| 30:26 | Farm |
| 30:31 | Dragonhawk Rider |
| 30:31 | Dragonhawk Rider |
| 30:31 | Dragonhawk Rider |
| 31:29 | Dragonhide Armor |
| 31:29 | Iron Forged Swords |
| 32:00 | Dragonhawk Rider |
| 32:00 | Dragonhawk Rider |
| 32:01 | Dragonhawk Rider |
| Right click | 1672 |
| Select group | 1511 |
| Select | 364 |
| Build/train/purchase | 154 |
| Use ability | 135 |
| Chat | 123 |
| Misc. action | 109 |
| Minimap ping | 26 |
| Assign group | 23 |
| Item give/drop | 11 |
| Resource trade | 11 |
| Esc | 2 |
| Remove unit | 1 |



| Lesser Clarity Potion | 4 | 280 |
| Scroll of Regeneration | 1 | 100 |
| Staff of Sanctuary | 3 | 750 |
| Potion of Mana | 2 | 400 |
| Staff of Teleportation | 3 | 450 |
| Boots of Speed | 3 | 750 |
| Periapt of Vitality | 1 | 325 |
| Healing Salve | 1 | 100 |
| Orb of Lightning | 3 | 1125 |
| Robe of the Magi +6 | 1 | 400 |
| total: | 22 | 4680g |
| Peasant | 26 | 1950 | / | 0 |
| Priest | 1 | 135 | / | 10 |
| Dragonhawk Rider | 4 | 800 | / | 120 |
| Goblin Shredder | 1 | 375 | / | 100 |
| Goblin Zeppelin | 1 | 240 | / | 60 |
| total: | 33 | 3500g | / | 290w |
| Scout Tower | 106 | 3180 | / | 2120 |
| Arcane Tower | 5 | 350 | / | 250 |
| Guard Tower | 84 | 5880 | / | 4200 |
| Altar of Kings | 1 | 180 | / | 50 |
| Farm | 5 | 400 | / | 100 |
| Lumber Mill | 1 | 120 | / | 0 |
| Arcane Vault | 4 | 520 | / | 120 |
| Town Hall | 1 | 385 | / | 205 |
| Blacksmith | 2 | 280 | / | 120 |
| Barracks | 1 | 160 | / | 60 |
| Arcane Sanctum | 1 | 150 | / | 140 |
| Gryphon Aviary | 2 | 280 | / | 300 |
| Keep | 2 | 640 | / | 420 |
| Castle | 2 | 720 | / | 420 |
| total: | 124 | 5655g | / | 3215w |
| 0:10 | Altar of Kings |
| 0:18 | Peasant |
| 0:18 | Peasant |
| 0:18 | Peasant |
| 0:34 | Farm |
| 0:42 | Peasant |
| 0:47 | Farm |
| 0:48 | Scout Tower |
| 0:51 | Peasant |
| 1:05 | Peasant |
| 1:27 | Lumber Mill |
| 1:33 | Peasant |
| 1:37 | Scout Tower |
| 1:39 | Arcane Tower |
| 1:51 | Scout Tower |
| 1:51 | Peasant |
| 2:15 | Peasant |
| 2:20 | Scout Tower |
| 2:20 | Storm Bolt |
| 2:28 | Guard Tower |
| 2:30 | Peasant |
| 2:31 | Peasant |
| 2:39 | Arcane Vault |
| 2:50 | Peasant |
| 2:53 | Guard Tower |
| 3:08 | Peasant |
| 3:09 | Scout Tower |
| 3:10 | Scout Tower |
| 3:32 | Peasant |
| 3:32 | Improved Masonry |
| 3:53 | Bash |
| 4:12 | Guard Tower |
| 4:21 | Guard Tower |
| 4:28 | Keep |
| 4:41 | Farm |
| 4:41 | Farm |
| 4:42 | Farm |
| 4:47 | Lesser Clarity Potion |
| 4:48 | Scroll of Regeneration |
| 5:32 | Scout Tower |
| 5:32 | Scout Tower |
| 5:33 | Scout Tower |
| 5:33 | Scout Tower |
| 5:34 | Scout Tower |
| 5:35 | Scout Tower |
| 5:35 | Scout Tower |
| 5:36 | Scout Tower |
| 6:17 | Storm Bolt |
| 6:49 | Town Hall |
| 6:55 | Scout Tower |
| 6:55 | Scout Tower |
| 6:56 | Scout Tower |
| 6:56 | Scout Tower |
| 7:04 | Scout Tower |
| 7:04 | Scout Tower |
| 7:05 | Scout Tower |
| 7:06 | Scout Tower |
| 7:06 | Scout Tower |
| 7:07 | Scout Tower |
| 7:07 | Scout Tower |
| 7:07 | Scout Tower |
| 7:08 | Scout Tower |
| 7:14 | Healing Salve |
| 7:14 | Lesser Clarity Potion |
| 7:22 | Improved Lumber Harvesting |
| 7:24 | Arcane Tower |
| 7:54 | Guard Tower |
| 7:55 | Guard Tower |
| 8:02 | Arcane Sanctum |
| 8:09 | Holy Light |
| 8:13 | Staff of Teleportation |
| 8:47 | Guard Tower |
| 8:48 | Guard Tower |
| 8:49 | Peasant |
| 8:50 | Peasant |
| 9:01 | Boots of Speed |
| 9:15 | Guard Tower |
| 9:17 | Guard Tower |
| 9:26 | Guard Tower |
| 9:49 | Guard Tower |
| 9:49 | Scout Tower |
| 9:50 | Scout Tower |
| 9:50 | Scout Tower |
| 10:04 | Castle |
| 10:06 | Magic Sentry |
| 10:06 | Priest |
| 10:08 | Guard Tower |
| 10:08 | Guard Tower |
| 10:17 | Guard Tower |
| 10:20 | Guard Tower |
| 10:31 | Guard Tower |
| 10:57 | Arcane Vault |
| 10:57 | Guard Tower |
| 11:00 | Scout Tower |
| 11:01 | Scout Tower |
| 11:01 | Scout Tower |
| 11:04 | Guard Tower |
| 11:04 | Guard Tower |
| 11:11 | Staff of Teleportation |
| 11:12 | Boots of Speed |
| 11:23 | Orb of Lightning |
| 11:44 | Scout Tower |
| 11:45 | Scout Tower |
| 11:46 | Scout Tower |
| 11:46 | Scout Tower |
| 11:46 | Scout Tower |
| 11:47 | Scout Tower |
| 11:51 | Advanced Masonry |
| 11:56 | Boots of Speed |
| 12:20 | Arcane Tower |
| 12:36 | Staff of Sanctuary |
| 13:41 | Guard Tower |
| 13:43 | Gryphon Aviary |
| 13:43 | Blacksmith |
| 13:45 | Barracks |
| 13:45 | Gryphon Aviary |
| 13:49 | Guard Tower |
| 13:57 | Banish |
| 13:58 | Orb of Lightning |
| 14:05 | Divine Shield |
| 14:19 | Staff of Sanctuary |
| 14:34 | Scout Tower |
| 14:35 | Scout Tower |
| 14:35 | Scout Tower |
| 14:36 | Scout Tower |
| 14:37 | Scout Tower |
| 14:38 | Scout Tower |
| 14:38 | Scout Tower |
| 14:48 | Staff of Teleportation |
| 14:48 | Periapt of Vitality |
| 15:17 | Guard Tower |
| 15:20 | Imbued Masonry |
| 15:23 | Scout Tower |
| 15:24 | Scout Tower |
| 15:24 | Scout Tower |
| 16:02 | Dragonhawk Rider |
| 16:23 | Bash |
| 16:27 | Lesser Clarity Potion |
| 16:29 | Potion of Mana |
| 16:37 | Scout Tower |
| 16:37 | Scout Tower |
| 16:37 | Guard Tower |
| 16:41 | Lesser Clarity Potion |
| 16:42 | Potion of Mana |
| 16:47 | Guard Tower |
| 16:47 | Guard Tower |
| 16:49 | Scout Tower |
| 16:50 | Scout Tower |
| 16:50 | Scout Tower |
| 16:51 | Scout Tower |
| 17:04 | Guard Tower |
| 17:10 | Dragonhawk Rider |
| 17:10 | Dragonhawk Rider |
| 17:10 | Iron Forged Swords |
| 17:11 | Studded Leather Armor |
| 17:58 | Guard Tower |
| 17:59 | Scout Tower |
| 18:00 | Scout Tower |
| 18:00 | Scout Tower |
| 18:01 | Scout Tower |
| 18:02 | Scout Tower |
| 18:03 | Scout Tower |
| 18:04 | Scout Tower |
| 18:04 | Scout Tower |
| 18:05 | Guard Tower |
| 18:31 | Guard Tower |
| 18:38 | Guard Tower |
| 19:00 | Scout Tower |
| 19:00 | Scout Tower |
| 19:01 | Scout Tower |
| 19:01 | Peasant |
| 19:24 | Animal War Training |
| 19:26 | Advanced Lumber Harvesting |
| 19:30 | Staff of Sanctuary |
| 19:35 | Scout Tower |
| 19:35 | Scout Tower |
| 19:36 | Scout Tower |
| 19:36 | Scout Tower |
| 19:37 | Scout Tower |
| 19:37 | Scout Tower |
| 20:03 | Guard Tower |
| 20:03 | Guard Tower |
| 20:12 | Guard Tower |
| 20:12 | Guard Tower |
| 20:52 | Guard Tower |
| 20:53 | Guard Tower |
| 20:54 | Scout Tower |
| 20:54 | Scout Tower |
| 20:55 | Scout Tower |
| 20:55 | Scout Tower |
| 21:39 | Guard Tower |
| 21:46 | Orb of Lightning |
| 22:19 | Guard Tower |
| 22:43 | Holy Light |
| 22:52 | Scout Tower |
| 22:53 | Scout Tower |
| 22:53 | Scout Tower |
| 22:53 | Scout Tower |
| 22:54 | Scout Tower |
| 22:54 | Scout Tower |
| 22:55 | Guard Tower |
| 22:55 | Guard Tower |
| 22:58 | Siphon Mana |
| 23:07 | Arcane Vault |
| 23:09 | Peasant |
| 23:09 | Peasant |
| 23:09 | Peasant |
| 23:09 | Peasant |
| 23:32 | Peasant |
| 23:32 | Peasant |
| 23:32 | Peasant |
| 23:33 | Peasant |
| 23:33 | Peasant |
| 24:01 | Robe of the Magi +6 |
| 24:23 | Goblin Shredder |
| 24:25 | Goblin Zeppelin |
| 25:02 | Scout Tower |
| 25:03 | Scout Tower |
| 25:03 | Scout Tower |
| 25:03 | Scout Tower |
| 25:04 | Scout Tower |
| 25:04 | Scout Tower |
| 25:05 | Scout Tower |
| 25:05 | Scout Tower |
| 25:07 | Scout Tower |
| 25:08 | Scout Tower |
| 25:08 | Scout Tower |
| 25:09 | Scout Tower |
| 25:26 | Guard Tower |
| 25:37 | Guard Tower |
| 25:47 | Arcane Vault |
| 25:50 | Guard Tower |
| 25:53 | Guard Tower |
| 26:10 | Guard Tower |
| 26:10 | Guard Tower |
| 26:11 | Guard Tower |
| 27:05 | Guard Tower |
| 27:06 | Scout Tower |
| 27:07 | Scout Tower |
| 27:07 | Scout Tower |
| 27:08 | Scout Tower |
| 27:09 | Dragonhawk Rider |
| 27:15 | Blacksmith |
| 27:18 | Scout Tower |
| 27:18 | Scout Tower |
| 27:19 | Scout Tower |
| 27:19 | Scout Tower |
| 27:30 | Banish |
| 27:36 | Guard Tower |
| 27:51 | Divine Shield |
| 28:36 | Guard Tower |
| 28:37 | Scout Tower |
| 28:38 | Scout Tower |
| 29:27 | Guard Tower |
| 29:29 | Scout Tower |
| 29:30 | Scout Tower |
| 30:03 | Storm Bolt |
| 31:44 | Steel Forged Swords |
| 31:44 | Reinforced Leather Armor |
| Right click | 3169 |
| Select | 894 |
| Select group | 497 |
| Build/train/purchase | 245 |
| Chat | 207 |
| Use ability | 112 |
| Misc. action | 35 |
| Assign group | 22 |
| Minimap ping | 11 |
| Item give/drop | 10 |
| Remove unit | 4 |